[Event "Team 45 45 League T55"]
[Site "Internet Chess Club"]
[Date "2012.12.16"]
[Round "5"]
[White "chess9793"]
[Black "Morovon23"]
[Result "0-1"]
[WhiteElo "2145"]
[BlackElo "2336"]
[Opening "Ruy Lopez: classical (Cordel) defense"]
[ECO "C64"]
[Time "20:01:28"]
[TimeControl "2700+45"]

1. e4 e5 2. Nf3 Nc6 3. Bb5 Bc5 4. O-O Nd4 5. Nxd4 Bxd4 6. c3 Bb6 7. d4 c6 8. Bc4
d6 9. dxe5 dxe5 10. Qxd8+ Bxd8 11. Rd1 Nf6 12. f3 O-O 13. Be3 Bb6 14. Kf2 Bxe3+
15. Kxe3 b5 16. Bb3 Bd7 17. Nd2 Rfe8 18. c4 Kf8 19. a4 a6 20. c5 Ke7 21. a5 Rad8
22. Nf1 g6 23. g4 Be6 24. Bxe6 Kxe6 25. b4 h5 26. g5 Nh7 27. h4 Nf8 28. Rd2 Rxd2
29. Nxd2 Rd8 30. Nb3 Ke7 31. Ra2 Ne6 32. Rd2 Rxd2 33. Kxd2 Nf4 34. Ke3 Ke6 35.
Nd4+ exd4+ 36. Kxf4 f6 37. gxf6 Kxf6 38. e5+ Ke6 39. Ke4 d3 40. Kxd3 Kxe5 41.
Ke3 Kf5 42. Kf2 Kf4 43. Kg2 Ke3 44. Kg3 Kd3 45. Kf4 Kc4 46. Kg5 Kxb4 47. Kxg6
Kxc5 48. f4 b4 49. f5 b3 50. f6 b2 51. f7 b1=Q+ 52. Kg7 Qg1+ 53. Kf6 Qf2+ 54.
Kg7 Qg3+ 55. Kh7 Qf4 56. Kg7 Qg4+ 57. Kh7 Qf5+ 58. Kg7 Kd6 59. f8=Q+ Qxf8+ 60.
Kxf8 c5 61. Kg7 c4 62. Kf6 c3 63. Kg5 c2 64. Kxh5 c1=Q 65. Kg6 Kc5 66. h5 Kb5
67. h6 Qxh6+ 68. Kxh6 Kxa5 69. Kg5 Kb4 70. Kf4 a5 71. Ke3 Kb3 72. Kd2 Kb2 {White
resigns} 0-1

[Event "Team 45 45 League T55"]
[Site "Internet Chess Club"]
[Date "2012.12.17"]
[Round "5"]
[White "MikeA"]
[Black "Rodin7"]
[Result "1/2-1/2"]
[WhiteElo "2245"]
[BlackElo "2040"]
[Opening "Sicilian: Alapin's variation (2.c3)"]
[ECO "B22"]
[Time "21:15:08"]
[TimeControl "2700+45"]

1. e4 c5 2. c3 Nf6 3. e5 Nd5 4. d4 cxd4 5. Nf3 Nc6 6. Bc4 Nb6 7. Bb3 d5 8. exd6
Qxd6 9. O-O Be6 10. Nxd4 Nxd4 11. cxd4 Bxb3 12. Qxb3 e6 13. Nc3 Qb4 14. Be3 Qxb3
15. axb3 a6 16. Rfd1 O-O-O 17. Rac1 Kb8 18. g3 Be7 19. Kg2 Nd5 20. Re1 Rd7 21.
Nxd5 Rxd5 22. Rc4 Rhd8 23. Rec1 Bd6 24. h4 h6 25. Kh2 b5 26. R4c3 Kb7 27. Kg2
Rd7 28. R1c2 Bc7 29. Rc5 Bb6 30. Rxd5 Rxd5 31. Rd2 Ba5 32. Rc2 Bb4 33. Re2 Be7
34. Rd2 Bf6 35. Kh3 h5 36. Kg2 g6 37. Kf3 Bg7 38. Ke4 a5 39. Bf4 a4 40. bxa4
bxa4 41. f3 f5+ 42. Ke3 Kb6 43. Be5 Bxe5 44. dxe5 Rxe5+ 45. Kf4 Re1 46. Kg5 Rg1
47. Kxg6 Rxg3+ 48. Kxh5 Rxf3 49. Re2 Kc5 50. Rxe6 Rf2 51. Ra6 Rf4 52. Ra8 Kb4
53. Rb8+ Kc4 54. Rc8+ Kb3 55. Rb8+ Ka2 56. Rb5 Rc4 57. Rb7 f4 58. Kg4 f3+ 59.
Kxf3 Rxh4 60. Ke3 Kb1 61. Kd3 Rh3+ 62. Kc4 Kc2 63. Rb4 Rh4+ {Game drawn by
mutual agreement} 1/2-1/2

[Event "Team 45 45 League T55"]
[Site "Internet Chess Club"]
[Date "2012.12.14"]
[Round "5"]
[White "Legal"]
[Black "StephenHawking"]
[Result "1/2-1/2"]
[WhiteElo "1965"]
[BlackElo "2212"]
[Opening "Queen's pawn game"]
[ECO "A46"]
[Time "23:02:07"]
[TimeControl "2700+45"]

1. d4 Nf6 2. Nf3 e6 3. c3 b6 4. Bf4 Bb7 5. Nbd2 Be7 6. h3 c5 7. c4 cxd4 8. Nxd4
d6 9. Bg5 Nbd7 10. e3 a6 11. N4f3 O-O 12. Bd3 Rc8 13. O-O h6 14. Bh4 Qc7 15. Rc1
Qb8 16. Qe2 Rfe8 17. Rfd1 Nc5 18. Bb1 Qa8 19. Ne1 d5 20. cxd5 Bxd5 21. f3 Bc6
22. Bd3 Nxd3 23. Qxd3 Red8 24. Qb1 Bb7 25. Nf1 Rxd1 26. Rxc8+ Qxc8 27. Qxd1 Qd8
28. Qxd8+ Bxd8 29. Nd3 g5 30. Bf2 Nd7 31. e4 f6 32. Bd4 Kf7 33. Kf2 Bc7 34. Nd2
b5 35. Be3 Ne5 36. Nc5 Bc8 37. Ke2 Nc6 38. Nd3 a5 39. Nb3 Ke7 40. Nd4 Nxd4+ 41.
Bxd4 Bd7 42. Bc5+ Kf7 43. b4 axb4 44. Bxb4 Bc6 45. a3 f5 46. Ke3 h5 47. Bc3 Ke7
48. Bb4+ Bd6 49. Bxd6+ Kxd6 50. Kd4 h4 51. Ne5 Be8 52. Nd3 fxe4 53. fxe4 Bg6 54.
Ne5 Bh5 55. Nf3 Bxf3 56. gxf3 e5+ 57. Kd3 Kc6 58. Kd2 Kb6 59. Kc2 Ka5 60. Kb3
Ka6 61. Kc3 Kb7 62. Kc2 Kc7 63. Kc3 Kc6 64. Kc2 Kb6 65. Kb2 Ka5 66. Kb3 Ka6 67.
Kc3 Kb7 68. Kc2 Kc7 69. Kb3 Kc6 70. Kc2 Kd6 71. Kd2 Kd7 72. Kd1 Kc8 73. Kc2 Kb8
74. Kb2 Ka7 75. Kc2 Ka6 76. Kb2 Kb6 77. Kc2 Kb7 78. Kb2 Kc6 79. Kc2 {Game drawn
by repetition} 1/2-1/2

[Event "Team 45 45 League T55"]
[Site "Internet Chess Club"]
[Date "2012.12.15"]
[Round "5"]
[White "primerpaso"]
[Black "DouDou"]
[Result "1/2-1/2"]
[WhiteElo "1896"]
[BlackElo "1636"]
[Opening "English opening"]
[ECO "A13"]
[Time "16:01:43"]
[TimeControl "2700+45"]

1. c4 e6 2. Nc3 d5 3. cxd5 exd5 4. d4 c6 5. g3 Bd6 6. Bg2 Ne7 7. Nf3 Bg4 8. h3
Bh5 9. O-O Nd7 10. b3 Qc7 11. Bb2 O-O-O 12. Rc1 f6 13. Qd2 g5 14. Rfd1 g4 15.
hxg4 Bxg4 16. Nb5 Qb8 17. Qa5 a6 18. Nxd6+ Qxd6 19. Rd3 h5 20. Ba3 Qe6 21. Re3
Qf5 22. Bxe7 Nb8 23. Bxd8 Rxd8 24. Qc3 Qd7 25. b4 Be6 26. a4 Re8 27. b5 Qc7 28.
Qd3 a5 29. Nh4 Qd7 30. Qg6 Bf7 31. Rxe8+ Qxe8 32. Qxf6 Be6 33. Nf5 Qd7 34. Ne7+
Kc7 35. bxc6 bxc6 36. Qf5 Bxf5 37. Nxf5 Qxf5 38. Rc5 Kb6 39. e4 Qe6 40. exd5
Qe1+ 41. Bf1 Qa1 42. dxc6 Nxc6 43. Rb5+ Kc7 44. d5 Nd4 45. Rxa5 Nb3 46. Ra7+ Kb6
47. Ra6+ Kc5 48. Kg2 Kxd5 49. Be2 Nd2 50. Ra5+ Ke4 51. Rxh5 Qe1 52. Bb5 Kd4 53.
Rh4+ Kc5 54. Rf4 Nb3 55. Rc4+ Kb6 56. Rf4 Ka5 57. Bc6 Nc5 {Game drawn by mutual
agreement} 1/2-1/2

[Event "Team 45 45 League T55"]
[Site "Internet Chess Club"]
[Date "2012.12.17"]
[Round "5"]
[White "searchforbobby1"]
[Black "Pomberito"]
[Result "1/2-1/2"]
[WhiteElo "2130"]
[BlackElo "2144"]
[Opening "Center game: Berger variation"]
[ECO "C22"]
[Time "20:12:52"]
[TimeControl "2700+45"]

1. e4 e5 2. d4 exd4 3. Qxd4 Nc6 4. Qe3 Nf6 5. Nc3 Bb4 6. Bd2 O-O 7. O-O-O Re8 8.
Qg3 Rxe4 9. a3 Rg4 10. Qe3 Ba5 {Game drawn by mutual agreement} 1/2-1/2

[Event "Team 45 45 League T55"]
[Site "Internet Chess Club"]
[Date "2012.12.15"]
[Round "5"]
[White "OOB1"]
[Black "Aragonof"]
[Result "0-1"]
[WhiteElo "1367"]
[BlackElo "2033"]
[Opening "French: advance, Milner-Barry gambit"]
[ECO "C02"]
[Time "19:30:56"]
[TimeControl "2700+45"]

1. e4 e6 2. d4 d5 3. e5 c5 4. c3 Qb6 5. Nf3 Nc6 6. Bd3 cxd4 7. cxd4 Bd7 8. Bc2
Nb4 9. O-O Nxc2 10. Qxc2 Ne7 11. a3 Nf5 12. Qd1 Be7 13. Nc3 h5 14. b4 O-O 15.
Be3 Rfc8 16. Qd2 Rc4 17. Rfd1 Rac8 18. Rac1 Qa6 19. Qb2 Nxe3 20. fxe3 Qc6 21.
Ne2 Rc2 22. Rxc2 Qxc2 23. Qxc2 Rxc2 24. Rd2 Rc8 25. Rb2 a6 26. Nd2 Bb5 27. Kf2
g5 28. Ng3 h4 29. Ne2 Bd3 30. Nb3 b6 31. Nbc1 Be4 32. Rb3 f6 33. exf6 Rf8 34.
Rc3 Rxf6+ 35. Kg1 a5 36. bxa5 bxa5 37. Nb3 Bxa3 38. Nxa5 Bb4 39. Rc8+ Kf7 40.
Nc6 Bd2 41. Ne5+ Ke7 42. Ng4 Rf5 43. Nc3 Bd3 44. h3 Rf1+ 45. Kh2 Rc1 46. Ne5 Bf5
47. Rc7+ Kd8 48. Rd7+ Ke8 49. Nb5 Bxe3 50. Nd6+ Kf8 51. Rf7+ Kg8 52. Nxf5 Bg1+
53. Kh1 Bxd4+ 54. Kh2 Bxe5+ {White resigns} 0-1

[Event "Team 45 45 League T55"]
[Site "Internet Chess Club"]
[Date "2012.12.16"]
[Round "5"]
[White "chiiwen"]
[Black "Chatica"]
[Result "0-1"]
[WhiteElo "2152"]
[BlackElo "2274"]
[Opening "Dutch: classical variation"]
[ECO "A96"]
[Time "21:22:21"]
[TimeControl "2700+45"]

1. d4 f5 2. Nf3 e6 3. g3 Nf6 4. Bg2 Be7 5. O-O O-O 6. c4 d6 7. Nc3 Ne4 8. Nxe4
fxe4 9. Nd2 d5 10. f3 e3 11. Nb1 dxc4 12. Bxe3 Bf6 13. Na3 Nc6 14. Nxc4 Nxd4 15.
f4 c5 16. Bf2 Bd7 17. Bxb7 Rb8 18. Be4 Bb5 19. Bd3 Bxc4 20. Bxc4 Rxb2 21. e3
Ne2+ 22. Bxe2 Rd2 23. Bc4 Rxd1 24. Bxe6+ Kh8 25. Raxd1 Qa5 26. Rc1 Rd8 27. Bb3
h6 28. Rc2 Rd3 29. Rc4 g6 30. Rb1 Kg7 31. Ra4 Qc7 32. Bc4 Rd2 33. Ra3 Qd7 34.
Bf1 Rc2 35. Rd3 Qc8 36. Rdb3 Be7 37. Rb7 Qd8 38. Be1 g5 39. Rxa7 Kf8 40. Ra4 Qe8
41. Re4 Qh5 42. Rb8+ Kf7 43. h3 Qf3 44. Re5 Rc1 45. Rb2 Rxe1 46. Rf2 Qxg3+ 47.
Rg2 Qxh3 48. fxg5 Bxg5 49. Rf2+ Kg7 50. Rg2 Kf6 51. Re4 Bxe3+ 52. Rf2+ Bxf2+
{White resigns} 0-1

[Event "Team 45 45 League T55"]
[Site "Internet Chess Club"]
[Date "2012.12.15"]
[Round "5"]
[White "SlimeDog2"]
[Black "NFork"]
[Result "1-0"]
[WhiteElo "2118"]
[BlackElo "2181"]
[Opening "Nimzo-Indian: classical variation"]
[ECO "E32"]
[Time "02:36:55"]
[TimeControl "2700+45"]

1. d4 Nf6 2. c4 e6 3. Nc3 Bb4 4. Qc2 O-O 5. a3 Bxc3+ 6. Qxc3 h6 7. Nf3 b6 8. g3
Bb7 9. Bg2 d6 10. O-O Nbd7 11. b4 Rb8 12. Bb2 Ne4 13. Qd3 f5 14. d5 e5 15. Nh4
Bc8 16. Nxf5 Rxf5 17. Bxe4 Rf8 18. Bg2 Qe8 19. e4 Qh5 20. f4 Ba6 21. a4 Rbe8 22.
a5 Ra8 23. Bf3 Qg6 24. fxe5 Nxe5 25. Bxe5 dxe5 26. Qc3 Qg5 27. b5 Bc8 28. axb6
cxb6 29. Ra3 Bg4 30. Qe3 Qg6 31. Bxg4 Rxf1+ 32. Kxf1 Qxg4 33. Kg2 Rc8 34. Qd3
Qd7 35. d6 Rc5 36. Rxa7 Qxa7 37. d7 Qa2+ 38. Kh3 {Black resigns} 1-0

[Event "Team 45 45 League T55"]
[Site "Internet Chess Club"]
[Date "2012.12.16"]
[Round "5"]
[White "Feifo"]
[Black "eurander"]
[Result "0-1"]
[WhiteElo "1879"]
[BlackElo "2113"]
[Opening "Caro-Kann: classical, Spassky variation"]
[ECO "B19"]
[Time "07:03:29"]
[TimeControl "2700+45"]

1. e4 c6 2. d4 d5 3. Nc3 dxe4 4. Nxe4 Bf5 5. Ng3 Bg6 6. h4 h6 7. Nf3 Nd7 8. h5
Bh7 9. Bd3 Bxd3 10. Qxd3 e6 11. Bd2 Ngf6 12. O-O-O Be7 13. Qe2 O-O 14. Ne5 c5
15. dxc5 Nxc5 16. Kb1 Qc7 17. Bc3 Rac8 18. Ng4 Qf4 19. Rd4 Qc7 20. Rc4 Nd5 21.
Nxh6+ gxh6 22. Qg4+ Bg5 23. Bd4 Qe7 24. Re1 b5 25. Rxc5 Rxc5 26. Re5 Rc4 27. Ne2
Rxd4 28. Nxd4 a6 29. g3 Kh8 30. f4 Bf6 31. Re4 Bxd4 32. Rxd4 Qc5 33. c3 Ne3 34.
Qe2 Qf5+ 35. Kc1 Ng4 36. Rd6 b4 37. Qxa6 bxc3 38. bxc3 Qxh5 39. Qd3 Qh1+ 40. Kc2
Qg2+ 41. Kc1 Qxa2 42. f5 Qa3+ 43. Kd2 Ne5 {White resigns} 0-1

[Event "Team 45 45 League T55"]
[Site "Internet Chess Club"]
[Date "2012.12.16"]
[Round "5"]
[White "grabuark"]
[Black "AugustoCaruso"]
[Result "1-0"]
[WhiteElo "2226"]
[BlackElo "2174"]
[Opening "French: advance variation"]
[ECO "C02"]
[Time "16:00:32"]
[TimeControl "2700+45"]

1. e4 e6 2. d4 d5 3. e5 c5 4. c3 Qb6 5. Nf3 Nc6 6. a3 Nh6 7. b4 cxd4 8. cxd4 Nf5
9. Bb2 Bd7 10. g4 Nfe7 11. Nc3 Na5 12. Nd2 Rc8 13. Rc1 Ng6 14. h4 h5 15. gxh5
Nf4 16. Qf3 Nxh5 17. Bh3 Nc4 18. Nxd5 Qb5 19. Nxc4 Rxc4 20. Nc7+ Rxc7 21. Rxc7
Kd8 22. Rxb7 Bc6 23. Rxb5 Bxf3 24. Rg1 Nf4 25. Rg3 Nd3+ 26. Kd2 Bc6 27. Rb8+ Kc7
28. Rxf8 {Black resigns} 1-0

[Event "Team 45 45 League T55"]
[Site "Internet Chess Club"]
[Date "2012.12.15"]
[Round "5"]
[White "magnuswizard"]
[Black "Zumbi"]
[Result "0-1"]
[WhiteElo "2249"]
[BlackElo "2251"]
[Opening "Neo-Grünfeld, 5.Nf3"]
[ECO "D73"]
[Time "22:46:54"]
[TimeControl "2700+45"]

1. d4 Nf6 2. c4 g6 3. g3 Bg7 4. Bg2 d5 5. Nf3 dxc4 6. Qa4+ Nfd7 7. Qxc4 Nc6 8.
e3 O-O 9. O-O e5 10. Rd1 Nb6 11. Qc5 exd4 12. exd4 Re8 13. Nc3 Bf8 14. Qg5 f6
15. Qh4 Rb8 16. Bh6 Bxh6 17. Qxh6 Ne7 18. Re1 Bd7 19. Qf4 Ned5 20. Rxe8+ Bxe8
21. Nxd5 Nxd5 22. Qh4 Bf7 23. Re1 Qd6 24. a3 Kg7 25. h3 Qb6 26. Nd2 Rd8 27. b4
h5 28. Bxd5 Rxd5 29. Nf3 a5 30. Qe4 axb4 31. axb4 Rb5 32. Qc2 c6 33. Re7 Qd8 34.
Qe2 Qd6 35. Qe3 Rxb4 36. Kh2 Kf8 37. Re4 Kg7 38. Re7 Rb2 39. Kg2 g5 40. Kg1 Kf8
{White resigns} 0-1

[Event "Team 45 45 League T55"]
[Site "Internet Chess Club"]
[Date "2012.12.12"]
[Round "5"]
[White "Ptzz"]
[Black "QueensCounselor"]
[Result "0-1"]
[WhiteElo "2119"]
[BlackElo "2103"]
[Opening "Grünfeld: modern exchange variation"]
[ECO "D85"]
[Time "13:00:46"]
[TimeControl "2700+45"]

1. d4 Nf6 2. c4 g6 3. Nc3 d5 4. cxd5 Nxd5 5. e4 Nxc3 6. bxc3 Bg7 7. Nf3 c5 8.
Rb1 O-O 9. Be2 cxd4 10. cxd4 Qa5+ 11. Bd2 Qxa2 12. O-O b6 13. Qc1 Bb7 14. Bc4
Qa4 15. Bb5 Qa2 16. Bc4 Qa4 17. Bb5 Qa2 18. Rb2 Qe6 19. Ng5 Qd6 20. Be3 Bxd4 21.
Bxd4 Qxd4 22. Rd1 Qf6 23. f4 Na6 24. e5 Qf5 25. Bd7 e6 26. h3 h5 27. Rc2 Nc5 28.
Rxc5 bxc5 29. Qxc5 Qxf4 30. Qe7 Qg3 {White resigns} 0-1

[Event "Team 45 45 League T55"]
[Site "Internet Chess Club"]
[Date "2012.12.16"]
[Round "5"]
[White "jonesey"]
[Black "Jack-ONeill"]
[Result "0-1"]
[WhiteElo "1856"]
[BlackElo "2043"]
[Opening "Alekhine's defense: modern, Larsen variation"]
[ECO "B04"]
[Time "10:36:23"]
[TimeControl "2700+45"]

1. e4 Nf6 2. e5 Nd5 3. d4 d6 4. Nf3 dxe5 5. Nxe5 c6 6. Be2 Bf5 7. O-O Nd7 8. c3
Nxe5 9. dxe5 Qc7 10. f4 e6 11. Kh1 Bc5 12. g4 Bg6 13. f5 Qxe5 14. Bf3 O-O-O 15.
fxg6 Ne3 16. Qe2 hxg6 17. Re1 Bd6 18. Kg1 Rxh2 19. Qxe3 Bc5 {White resigns} 0-1

[Event "Team 45 45 League T55"]
[Site "Internet Chess Club"]
[Date "2012.12.16"]
[Round "5"]
[White "spongenotbob"]
[Black "almond123"]
[Result "1-0"]
[WhiteElo "1800"]
[BlackElo "1478"]
[Opening "Grünfeld: modern exchange variation"]
[ECO "D85"]
[Time "23:00:19"]
[TimeControl "2700+45"]

1. d4 Nf6 2. c4 g6 3. Nc3 d5 4. cxd5 Nxd5 5. e4 Nxc3 6. bxc3 Bg7 7. Nf3 c5 8.
Be3 O-O 9. Be2 cxd4 10. cxd4 e6 11. O-O Nc6 12. Rc1 Bd7 13. Qd2 Re8 14. Rfd1 Qe7
15. Bg5 Qf8 16. Qe3 Rac8 17. h3 a6 18. a4 Ne7 19. Qb3 Rb8 20. Bf4 Rbc8 21. Bd6
Rxc1 22. Rxc1 Bc6 23. e5 Rc8 24. Qa3 Re8 25. Ne1 Bh6 26. Rc2 Bg5 27. Bf3 Bxf3
28. Nxf3 Bh6 29. Rc7 f6 30. Bxe7 Qf7 31. exf6 Bf8 32. Ne5 Bxe7 33. Rxe7 Qxf6 34.
Rxe8+ Kg7 35. Qd6 Qf4 36. Qe7+ Kh6 37. Ng4+ Kh5 38. Qxh7+ Kg5 39. Qh6+ Kf5 40.
Rf8+ Ke4 {Black resigns} 1-0

[Event "Team 45 45 League T55"]
[Site "Internet Chess Club"]
[Date "2012.12.14"]
[Round "5"]
[White "DouDou"]
[Black "drsigmund1"]
[Result "1-0"]
[WhiteElo "1634"]
[BlackElo "1603"]
[Opening "French: Tarrasch, closed variation"]
[ECO "C05"]
[Time "20:00:14"]
[TimeControl "2700+45"]

1. e4 e6 2. d4 d5 3. Nd2 Nf6 4. e5 Nfd7 5. Ngf3 c5 6. c3 Nc6 7. Bb5 Qb6 8. Bxc6
bxc6 9. O-O c4 10. b3 cxb3 11. Nxb3 c5 12. Be3 c4 13. Nbd2 Be7 14. Rb1 Qa5 15.
Qc2 O-O 16. Ng5 f5 17. exf6 Nxf6 18. Rfe1 Qc7 19. Ndf3 Bd6 20. Ne5 Bxe5 21. dxe5
Qxe5 22. Qd2 Qf5 23. Bf4 Ng4 24. Bg3 Nf6 25. Rbd1 h6 26. Nf3 Ne4 27. Qd4 Bd7 28.
Be5 Qg6 29. Re3 Ng5 30. Nxg5 hxg5 31. Rg3 Rf5 32. f4 Raf8 33. Qxa7 Qf7 34. Qd4
Qh5 35. Rf1 g4 36. Bxg7 R8f7 37. Be5 Rh7 38. h3 Kf7 39. Rxg4 Ba4 40. Qa7+ {Black
resigns} 1-0

[Event "Team 45 45 League T55"]
[Site "Internet Chess Club"]
[Date "2012.12.16"]
[Round "5"]
[White "sdcohle"]
[Black "ilovechess"]
[Result "1-0"]
[WhiteElo "1413"]
[BlackElo "1602"]
[Opening "Grünfeld: modern exchange variation"]
[ECO "D85"]
[Time "22:00:23"]
[TimeControl "2700+45"]

1. d4 Nf6 2. c4 g6 3. Nc3 d5 4. cxd5 Nxd5 5. e4 Nxc3 6. bxc3 Bg7 7. Nf3 c5 8.
Be3 Nc6 9. Be2 Qa5 10. Qc2 cxd4 11. Bf4 Qxc3+ 12. Qxc3 dxc3 13. O-O c2 14. Rac1
Nb4 15. Bd2 Nxa2 16. Rxc2 Be6 17. Ra1 a5 18. Ng5 Bb3 19. Bb5+ Kf8 20. Rcxa2 Bxa2
21. Rxa2 Rd8 22. Bxa5 Rd1+ 23. Bf1 Bf6 24. Nf3 Kg7 25. g3 Rc8 26. Kg2 Ra8 27. e5
Bxe5 28. Nxe5 Rd5 29. Nc4 b6 30. Bc3+ f6 31. Rxa8 Rc5 32. Rb8 b5 33. Bb4 Rc6 34.
Rxb5 Kf7 35. Rc5 Re6 36. Ne3 Re4 37. Bc4+ Kf8 38. Rc8+ Kg7 39. Rg8+ Kh6 40. Bd2
g5 41. Nf5+ Kh5 42. Bf7+ Kg4 43. Nh6# {Black checkmated} 1-0

[Event "Team 45 45 League T55"]
[Site "Internet Chess Club"]
[Date "2012.12.15"]
[Round "5"]
[White "Docvan"]
[Black "justice02"]
[Result "1-0"]
[WhiteElo "1599"]
[BlackElo "1698"]
[Opening "Caro-Kann: classical variation"]
[ECO "B18"]
[Time "19:31:04"]
[TimeControl "2700+45"]

1. e4 c6 2. d4 d5 3. Nc3 dxe4 4. Nxe4 Bf5 5. Ng3 Bg6 6. Nf3 e6 7. Bd3 Nd7 8. O-O
Be7 9. c4 Qc7 10. Ne2 O-O-O 11. Bf4 Bd6 12. Bg5 Ngf6 13. c5 Be7 14. Bxg6 hxg6
15. Qa4 Qb8 16. Bf4 Qa8 17. Nc3 Rh5 18. h3 Rf5 19. Bh2 Rh8 20. Qd1 Nd5 21. Nxd5
Rxd5 22. b4 Bf6 23. Qc1 Bxd4 24. Nxd4 Rxd4 25. Qc3 Rd5 26. Qxg7 Rf8 27. Bd6 Rxd6
28. cxd6 a5 29. Rab1 Qa6 30. Qc3 a4 31. b5 Qa8 32. bxc6 bxc6 33. Rfc1 c5 34. Rb5
Qc6 35. Qb4 Qxd6 36. Qxa4 Kd8 37. Rd1 Qc7 38. Rxc5 Qb7 39. Qa3 Ke8 40. Ra5 Nb6
41. Ra7 Nc4 42. Qa4+ {Black resigns} 1-0

[Event "Team 45 45 League T55"]
[Site "Internet Chess Club"]
[Date "2012.12.15"]
[Round "5"]
[White "RD1974"]
[Black "Victor24"]
[Result "0-1"]
[WhiteElo "1662"]
[BlackElo "1774"]
[Opening "French: King's Indian attack"]
[ECO "C00"]
[Time "10:00:34"]
[TimeControl "2700+45"]

1. e4 e6 2. d3 c5 3. Nc3 Nc6 4. Nf3 g6 5. g3 Bg7 6. Bg2 Nge7 7. Be3 Nd4 8. O-O
O-O 9. Qd2 d6 10. Nd1 f5 11. c3 Nxf3+ 12. Bxf3 fxe4 13. Bxe4 d5 14. Bg2 Qd6 15.
Bh6 e5 16. Bxg7 Kxg7 17. d4 cxd4 18. cxd4 e4 19. Ne3 Bf5 20. Rac1 Rf7 21. Rc5 b6
22. Rc2 Raf8 23. Rfc1 Bd7 24. Nd1 Nc6 25. a3 Na5 26. Qe3 Ba4 27. Rd2 Nb3 28. Nc3
Nxc1 29. Nxa4 Nd3 30. f4 exf3 31. Bf1 f2+ 32. Kh1 Rf3 33. Qg5 R8f5 34. Qg4 Qe7
35. Rxd3 Rxd3 36. Bxd3 Qe1+ 37. Kg2 f1=Q+ 38. Bxf1 Qxf1# {White checkmated} 0-1

[Event "Team 45 45 League T55"]
[Site "Internet Chess Club"]
[Date "2012.12.14"]
[Round "5"]
[White "pereelcoix"]
[Black "amicusUK"]
[Result "1/2-1/2"]
[WhiteElo "1475"]
[BlackElo "1627"]
[Opening "Pirc: Ufimtsev-Pytel variation"]
[ECO "B07"]
[Time "09:00:49"]
[TimeControl "2700+45"]

1. e4 d6 2. d4 Nf6 3. Nc3 c6 4. e5 dxe5 5. dxe5 Qxd1+ 6. Nxd1 Ng4 7. Nf3 g6 8.
h3 Nh6 9. Bxh6 Bxh6 10. Bc4 Bf5 11. Nd4 Be4 12. O-O e6 13. Nc3 Bd5 14. Nxd5 cxd5
15. Bb5+ Ke7 16. Rfd1 a6 17. Bd3 Nd7 18. Re1 Rac8 19. a3 Rc7 20. c3 Nb6 21. Re2
Rhc8 22. Rae1 Nd7 23. Bc2 b5 24. Bd3 Nb6 25. Bc2 Rb8 26. Bd3 Kd8 27. Bc2 Bf8 28.
Bd3 Kd7 29. Rd1 Nc4 30. Bxc4 bxc4 31. a4 Rcb7 32. Rdd2 Bc5 33. Nf3 h6 34. h4 Kc6
35. h5 g5 36. Nh2 Bf8 37. Ng4 Bg7 38. Ne3 Kb6 39. Nc2 Bf8 40. Nd4 Kc7 41. g4 Bc5
42. Nf3 Kb6 43. a5+ Kc7 44. Kg2 Rb5 45. Nd4 Bxd4 46. cxd4 Rxa5 47. f4 gxf4 48.
Rf2 Rab5 49. Kf3 Kd7 50. Kxf4 Ke7 51. g5 hxg5+ 52. Kxg5 Rh8 53. h6 Rbb8 54. Rf6
Rbg8+ 55. Kh5 Rg3 56. Rdf2 Rh7 57. R2f3 Rg2 58. Rf2 Rg3 59. R2f3 Rg2 60. Rf2 Rg3
{Game drawn by repetition} 1/2-1/2

[Event "Team 45 45 League T55"]
[Site "Internet Chess Club"]
[Date "2012.12.18"]
[Round "5"]
[White "palm47"]
[Black "sockmonkey"]
[Result "0-1"]
[WhiteElo "1483"]
[BlackElo "1530"]
[Opening "Caro-Kann: Panov-Botvinnik, Gunderam attack"]
[ECO "B13"]
[Time "10:00:24"]
[TimeControl "2700+45"]

1. e4 c6 2. d4 d5 3. exd5 cxd5 4. c4 Nf6 5. c5 e5 6. Nc3 exd4 7. Qxd4 Nc6 8. Bb5
Be7 9. Be3 O-O 10. Bxc6 bxc6 11. Qa4 Qc7 12. Nf3 Nd7 13. b4 Ne5 14. Nxe5 Qxe5
15. Rc1 d4 {White resigns} 0-1

[Event "Team 45 45 League T55"]
[Site "Internet Chess Club"]
[Date "2012.12.14"]
[Round "5"]
[White "amax1"]
[Black "Bluecat"]
[Result "0-1"]
[WhiteElo "1378"]
[BlackElo "1970"]
[Opening "Caro-Kann: exchange variation"]
[ECO "B13"]
[Time "16:00:09"]
[TimeControl "2700+45"]

1. e4 c6 2. d4 d5 3. exd5 cxd5 4. Nc3 Nf6 5. Nf3 Bg4 6. h3 Bh5 7. Be2 Nc6 8. O-O
e6 9. Bf4 a6 10. Ne5 Bxe2 11. Nxe2 Qb6 12. b3 Rc8 13. Nxc6 Qxc6 14. Rc1 Ba3 15.
Rb1 Qxc2 16. b4 Rc4 17. Qe1 Qxa2 18. Nc3 Qc2 19. Qe5 Rxc3 20. Qb8+ Rc8 21. Qxb7
O-O 22. Qxa6 Ra8 23. Qb7 Ne4 24. Ra1 Nc3 25. Kh1 Qd3 26. b5 Qxb5 27. Qxb5 {White
resigns} 0-1

[Event "Team 45 45 League T55"]
[Site "Internet Chess Club"]
[Date "2012.12.23"]
[Round "5"]
[White "clarinetref"]
[Black "Joeohio"]
[Result "1/2-1/2"]
[WhiteElo "1666"]
[BlackElo "1469"]
[Opening "Réti: Nimzovich-Larsen attack"]
[ECO "A06"]
[Time "20:00:27"]
[TimeControl "2700+45"]

1. Nf3 d5 2. b3 c5 3. e3 Nc6 4. Bb2 Nf6 5. g3 e6 6. Bg2 b6 7. O-O Bb7 8. d4 Bd6
9. Nbd2 O-O 10. c4 Bb8 11. a3 Qe7 12. cxd5 exd5 13. dxc5 bxc5 14. Re1 Re8 15.
Qc2 Nd7 16. Rac1 Bd6 17. Nh4 g6 18. Bxd5 Qg5 19. Ne4 Qxd5 20. Nxd6 Nd4 21. e4
Nxc2 22. exd5 Rxe1+ 23. Rxe1 Nxe1 24. Nxb7 Nd3 25. Bc3 Rb8 26. Na5 Nc1 27. Kf1
Nxb3 28. Nc6 Rb7 29. Nf3 Na1 30. Ke2 Nc2 31. Na5 Rb5 32. a4 Rb1 33. Nc6 a6 34.
a5 Kf8 35. Kd3 Nb4+ 36. Kc4 Ke8 {Game drawn by mutual agreement} 1/2-1/2

[Event "Team 45 45 League T55"]
[Site "Internet Chess Club"]
[Date "2012.12.12"]
[Round "5"]
[White "iceface"]
[Black "tryanything"]
[Result "0-1"]
[WhiteElo "1654"]
[BlackElo "1547"]
[Opening "Benkö gambit"]
[ECO "A57"]
[Time "19:00:04"]
[TimeControl "2700+45"]

1. d4 Nf6 2. c4 c5 3. d5 b5 4. Qc2 g6 5. e4 d6 6. h3 Bg7 7. Nf3 O-O 8. Nc3 bxc4
9. Bxc4 Ba6 10. Bxa6 Nxa6 11. Be3 Nd7 12. Qc1 Nb4 13. O-O Nd3 14. Qd2 N3e5 15.
Nxe5 Nxe5 16. b3 Qa5 17. Rfc1 Rfb8 18. Bh6 Bxh6 19. Qxh6 Nd3 20. Rc2 Rxb3 21.
Qd2 Nb4 22. Rcc1 Ra3 23. f4 Qa6 24. e5 Qd3 25. Qb2 Ra6 {White resigns} 0-1

[Event "Team 45 45 League T55"]
[Site "Internet Chess Club"]
[Date "2012.12.13"]
[Round "5"]
[White "PostMike"]
[Black "vjbaker"]
[Result "0-1"]
[WhiteElo "1448"]
[BlackElo "1532"]
[Opening "Sicilian defense"]
[ECO "B34"]
[Time "16:45:04"]
[TimeControl "2700+45"]

1. e4 c5 2. Nf3 Nc6 3. d4 cxd4 4. Nxd4 g6 5. Bc4 Bg7 6. Nxc6 bxc6 7. O-O Nf6 8.
Qe2 d6 9. Rd1 O-O 10. c3 Qc7 11. f3 Rb8 12. b3 Be6 13. Be3 Bxc4 14. Qxc4 Nd7 15.
Bd4 Ne5 16. Qe2 c5 17. Bf2 f5 18. Nd2 fxe4 19. Nxe4 Kh8 20. Rac1 Nc6 21. Ng5 Qa5
22. Ne6 Rf5 23. Nxg7 Kxg7 24. Qc2 Ne5 25. Kh1 c4 26. b4 Qc7 27. Bd4 Kg8 28. Bxe5
Rxe5 29. Re1 d5 30. Qd2 Rd8 31. Rxe5 Qxe5 32. Re1 Qf6 33. Qd4 Qxd4 34. cxd4 Kf7
35. b5 c3 36. Rc1 Rc8 37. Rc2 Rc4 38. a3 Kf6 39. Kg1 e5 40. dxe5+ Kxe5 41. Kf2
Kd4 42. Ke2 Ra4 43. Ra2 Kc4 44. g3 d4 45. Kd1 d3 46. f4 Kxb5 {White resigns} 0-1

[Event "Team 45 45 League T55"]
[Site "Internet Chess Club"]
[Date "2012.12.18"]
[Round "5"]
[White "kllrchris"]
[Black "Kingofknights"]
[Result "1-0"]
[WhiteElo "1699"]
[BlackElo "1554"]
[Opening "Caro-Kann: Panov-Botvinnik attack, 5...e6"]
[ECO "B14"]
[Time "19:00:35"]
[TimeControl "2700+45"]

1. e4 c6 2. d4 d5 3. exd5 cxd5 4. c4 Nf6 5. Nc3 e6 6. Nf3 a6 7. Bg5 Bb4 8. Bd3
dxc4 9. Bxc4 b5 10. Bb3 Bb7 11. O-O O-O 12. Re1 Nc6 13. a3 Be7 14. Qd3 Nd5 15.
Bc2 g6 16. Bh6 Re8 17. Ne4 Qb6 18. Rad1 Rad8 19. Bb3 Nf6 20. Neg5 Ng4 21. Nxf7
Nxh6 22. Nxh6+ Kg7 23. Ng4 Rd6 24. Qe3 Bf8 25. Nfe5 Nxe5 26. Qxe5+ Kf7 27. Qf6+
Kg8 28. Ne5 Bg7 29. Qf7+ {Black resigns} 1-0